 Dungeon Crawl Stone Soup version 0.26-a0-682-g294304f6e8 (webtiles) character file.

Game seed: 12694205051079105188

128 Kinoniko the Skirmisher (level 5, -3/57 HPs)
             Began as an Ogre Monk on Oct 20, 2020.
             Slain by Grinder (6 damage)
             ... on level 3 of the Dungeon.
             The game lasted 00:03:27 (2781 turns).

Kinoniko the Skirmisher (Ogre Monk)                 Turns: 2781, Time: 00:03:28

Health: -3/57      AC:  0    Str: 16    XL:     5   Next: 11%
Magic:  5/5        EV: 10    Int: 11    God:
Gold:   53         SH:  0    Dex: 11    Spells: 4/4 levels left

rFire    . . .     SeeInvis .   a - +0 spear
rCold    . . .     Faith    .   (no shield)
rNeg     . . .     Spirit   .   b - +1 robe
rPois    .         Reflect  .   (helmet restricted)
rElec    .         Harm     .   (no cloak)
rCorr    .         Rampage  .   (gloves unavailable)
MR       .....                  (boots unavailable)
Stlth    ++........             (no amulet)
HPRegen  0.19/turn              g - -4 ring of protection (curse)
MPRegen  0.09/turn              (no ring)

@: mighty
A: large, unfitting armour, tough skin 1
a: no special abilities


You were on level 3 of the Dungeon.
You visited 1 branch of the dungeon, and saw 3 of its levels.

You collected 53 gold pieces.

Inventory:

Hand Weapons
 a - a +0 spear (weapon)
Armour
 b - a +1 robe (worn)
Jewellery
 g - a cursed -4 ring of protection (left hand)
Wands
 d - a wand of polymorph (10)
Scrolls
 c - a scroll of enchant armour
Potions
 f - a potion of flight


   Skills:
 + Level 5.3 Fighting
 * Level 4.7 Polearms
 - Level 2.9 Dodging
 - Level 1.5 Stealth


You had 4 spell levels left.
You didn't know any spells.
Your spell library was empty.

Dungeon Overview and Level Annotations

Branches:
Dungeon (3/15)

Altars:
Uskayaw

Annotations:
D:3 Grinder


Innate Abilities, Weirdness & Mutations

You are too large for most types of armour.
You have tough skin. (AC +1)


Message History

Grinder says, "I used to sell toenails on the black market."
Grinder hits you!
You writhe in agony.
The rat closely misses you. The rat bites you.
* * * LOW HITPOINT WARNING * * *
You feel better. Grinder barely misses you. The rat bites you. x2
* * * LOW HITPOINT WARNING * * *
You puncture Grinder!
Grinder is moderately wounded.
Grinder hits you.
* * * LOW HITPOINT WARNING * * *
You writhe in agony.
* * * LOW HITPOINT WARNING * * *
The rat bites you.
* * * LOW HITPOINT WARNING * * *
The rat bites you.
* * * LOW HITPOINT WARNING * * *
You puncture Grinder!
Grinder is heavily wounded.
Grinder hits you.
You die...

.†...########.# ##....
####.# #.##.#.#.#. #.#
#.#........ #.#
#.##.#.#.# ##<##
#.##.#.... #...#
###......## #...#
##.........## #...#
#......r....#
###...####..#.##@r...#
....÷)......#†.5.....#
............#..##.......
..........#.#... .#.##..
##....#.###.........# .
#....#.# #.##..#.###
#....#.# #.. ###.#
#...÷#.# .#. .# #.#.##.#


You could see Grinder and 2 rats.

Vanquished Creatures
  Robin (D:3)
  An adder (D:2)
  A howler monkey skeleton (D:2)
  An ooze (D:1)
  A worm (D:2)
  5 leopard geckos
  4 giant cockroaches
  12 goblins
  16 hobgoblins
  8 jackals (D:3)
  A ball python (D:1)
  9 bats
  8 frilled lizards
  7 kobolds
  5 rats
80 creatures vanquished.

Notes
Turn   | Place    | Note
-------+----------+-------------------------------------------
     0 | D:1      | Kinoniko the Ogre Monk began the quest for the Orb.
     0 | D:1      | Reached XP level 1. HP: 24/24 MP: 1/1
   131 | D:1      | Reached XP level 2. HP: 25/32 MP: 2/2
   712 | D:1      | Reached XP level 3. HP: 40/40 MP: 3/3
  1624 | D:2      | Reached XP level 4. HP: 49/49 MP: 4/4
  1689 | D:2      | Reached skill level 5 in Fighting
  1854 | D:2      | Noticed a +0 hand axe
  1854 | D:2      | Noticed a +0 hand axe
  1856 | D:2      | Found a hide-covered altar of Uskayaw.
  2332 | D:3      | Noticed Robin
  2356 | D:3      | Killed Robin
  2438 | D:3      | Reached XP level 5. HP: 54/57 MP: 5/5
  2760 | D:3      | Noticed Grinder
  2781 | D:3      | Slain by Grinder

Illustrated notes

Levels and vault maps discovered:
D:1:      onia_arrival_handbag, layout_basic
D:2:      layout_rooms, dancing_weapons_uskayaw
D:3:      layout_loops_cross, marbit_many_paths, bloody_trog,
          cheibrodos_sewer_entry_drain, uniq_grinder, uniq_robin, uniq_natasha

Skill      XL: |  1  2  3  4 |
---------------+-------------+-----
Polearms       | 4 |  4.7
Fighting       | 5 |  5.3
Dodging        | |  2.9
Stealth        | |  1.5

Action                   |  1- 3 |  4- 6 || total
-------------------------+-------+-------++-------
Melee: Spear             |   138 |   154 ||   292
  Use: Potion            |     5 |     4 ||     9
       Scroll            |       |     7 ||     7
 Stab: Sleeping          |     6 |     2 ||     8
Armor: Robe              |    23 |    31 ||    54
Dodge: Dodged            |    67 |    71 ||   138

Table legend: (Time is in decaauts)
 A = Elapsed time spent in this place.
 B = Non-inter-level travel time spent in this place.
 C = Inter-level travel time spent in this place.
 D = Time resting spent in this place.
 E = Time spent auto-exploring this place.
 F = Levels seen in this place.
 G = Mean time per level.
                   A        B        C        D        E       F      G
               +--------+--------+--------+--------+--------+-----+--------+
         Total |   2756 |   2732 |     24 |   1061 |   1212 |   3 |  918.7 |
       Dungeon |   2756 |   2732 |     24 |   1061 |   1212 |   3 |  918.7 |
               +--------+--------+--------+--------+--------+-----+--------+

Top non-repeatable levels by time:
     D:1: 1218 daAuts
     D:2: 1070 daAuts
     D:3: 467 daAuts
